 Dungeon Crawl Stone Soup version 0.21-a0-440-g28109cb (webtiles) character file.

149893 Moloch the Devastator (level 16, -98/115 HPs)
             Began as a Demonspawn Wizard on Nov 2, 2017.
             Was the Champion of Vehumet.
             Killed by Shatter
             ... invoked by Jorgrun
              (104 damage)
             ... on level 4 of the Shoals on Nov 10, 2017.
             The game lasted 02:05:09 (27104 turns).

Moloch the Devastator (Demonspawn Wizard)          Turns: 27104, Time: 02:05:09

Health: -98/115    AC: 16    Str: 18    XL:     16   Next: 97%
Magic:  0/35       EV:  2    Int: 30    God:    Vehumet [******]
Gold:   1512       SH:  0    Dex: 14    Spells: 8/45 levels left

rFire    . . .     SeeInvis +   Z - staff of wizardry
rCold    + . .     Gourm    .   i - +0 buckler
rNeg     + + +     Faith    .   M - +0 robe {rN+}
rPois    ∞         Spirit   +   S - +2 helmet {SInv}
rElec    +         Reflect  .   t - -4 cloak "Ulutwin" {rElec rN+ Str+2 Dex-3}
rCorr    .         Harm     .   L - +0 pair of gloves
MR       ++...                  k - +0 pair of boots
Stlth    ++........             r - amulet "Duwu Xygi" {Regen+ Str+8 Dex+4}
HPRegen  0.69/turn              v - ring of protection from cold
MPRegen  0.48/turn              E - +5 ring of intelligence

@: petrified, barbed spikes, sanguine armour, studying Transmutations
A: talons 1, magic resistance 1, powered by death 1, robust 2, magic shield,
magic regeneration, magic link, sanguine armour 3
a: Renounce Religion


You were on level 4 of the Shoals.
You worshipped Vehumet.
Vehumet was exalted by your worship.
You were hungry.

You visited 6 branches of the dungeon, and saw 29 of its levels.
You also visited: Ice Cave.

You collected 2874 gold pieces.
You spent 1362 gold pieces at shops.

Inventory:

Armour
 i - a +0 buckler (worn)
 k - a +0 pair of boots (worn)
 t - the -4 cloak "Ulutwin" (worn) {rElec rN+ Str+2 Dex-3}
   (You found it on level 6 of the Lair of Beasts)

   It affects your strength (+2).
   It affects your dexterity (-3).
   It insulates you from electricity.
   It protects you from negative energy.
 L - a +0 pair of gloves (worn)
 M - a +0 robe of positive energy (worn)
 S - a +2 helmet of see invisible (worn)
 V - a scarf of resistance
Magical Staves
 Z - an uncursed staff of wizardry (weapon)
Jewellery
 r - the amulet "Duwu Xygi" (around neck) {Regen+ Str+8 Dex+4}
   (You found it on level 11 of the Dungeon)

   [amulet of regeneration]

   It affects your strength (+8).
   It affects your dexterity (+4).
   It increases your rate of regeneration.
 v - a ring of protection from cold (left hand)
 E - a +5 ring of intelligence (right hand)
 F - an uncursed ring of protection from magic
 W - an uncursed ring of see invisible
 Y - an uncursed ring of fire
Wands
 C - a wand of digging (15/24)
 T - a wand of clouds (2/9)
Scrolls
 b - 3 scrolls of recharging
 c - 2 scrolls of vulnerability {unknown}
 j - 4 scrolls of immolation {unknown}
 o - 2 scrolls of silence {unknown}
 p - 6 scrolls of fear
 q - 4 scrolls of blinking
 u - 7 scrolls of teleportation
 G - 2 scrolls of acquirement {unknown}
 N - 7 scrolls of enchant armour
 O - 9 scrolls of remove curse
 P - 4 scrolls of enchant weapon
 Q - 2 scrolls of torment
 R - 4 scrolls of fog
 U - 4 scrolls of magic mapping
 X - a scroll of identify
Potions
 e - 4 potions of ambrosia
 f - 3 potions of haste
 l - 5 potions of might
 m - 3 potions of mutation
 n - 7 potions of heal wounds
 s - a potion of berserk rage
 w - a potion of cancellation
 x - a potion of resistance
 y - 5 potions of agility
 D - 5 potions of brilliance
 I - 3 potions of magic
 J - 4 potions of flight
 K - 6 potions of curing
Books
 a - a book of Battle

   Spells                             Type                      Level
   a - Infusion                       Charms                       1
   b - Shroud of Golubria             Charms/Translocation         2
   c - Song of Slaying                Charms                       2
   d - Spectral Weapon                Hexes/Charms                 3
   e - Regeneration                   Charms/Necromancy            3
 z - a manual of Transmutations
Comestibles
 d - 11 bread rations
 g - 12 royal jellies
 h - 12 meat rations
 A - a chunk of flesh
 H - 23 fruits


   Skills:
 - Level 1.7 Dodging
 - Level 1.7 Stealth
 - Level 4.3 Shields
 - Level 2.0 Unarmed Combat
 + Level 15.3 Spellcasting
 + Level 17.9 Conjurations
 - Level 1.0 Summonings
 - Level 0.8 Translocations
 * Level 15.5 Fire Magic


You had 8 spell levels left.
You knew the following spells:

 Your Spells              Type           Power        Failure   Level  Hunger
a - Spellforged Servitor  Conj/Summ      ######....   4%          7    #####..
b - Blink                 Tloc           N/A          1%          2    None
c - Orb of Destruction    Conj           #######...   1%          7    #####..
f - Regeneration          Chrm/Necr      ###.......   2%          3    None
h - Apportation           Tloc           ####..       1%          1    None
i - Fireball              Conj/Fire      #######...   1%          5    None
j - Bolt of Fire          Conj/Fire      #######...   1%          6    ###....
l - Deflect Missiles      Chrm/Air       ###.......   73%         6    ###....


Dungeon Overview and Level Annotations

Branches:
Dungeon (15/15)            Temple (1/1) D:5            Lair (6/6) D:8
 Shoals (4/4) Lair:2        Snake (1/4) Lair:2        Slime (0/5) Lair:6
    Orc (2/2) D:9             Elf (0/3) Orc:2        Vaults (0/5) D:14
 Depths (0/5) D:15

Altars:
Ashenzari
Dithmenos
Fedhas
Gozag
Kikubaaqudgha
Makhleb
Nemelex Xobeh
Qazlal
Uskayaw
Vehumet
Yredelemnul
Zin
The Shining One

Shops:
D:9 [*}[   D:14 :   D:15 [?!!   Orc:2 %:!:   Shoals:2 (   Snake:1 (

Annotations:
D:4 karf's ghost, amateur HaAs
D:7 KristoblXynda's ghost, novice DrFi
Shoals:4 Ilsuiw; Jorgrun; Nikola
Orc:2 exclusion: upstairs


Innate Abilities, Weirdness & Mutations

You have sharp toenails.
You regenerate a little health from kills.
You are very robust. (+20% HP)
When hurt, damage is shared between your health and your magic reserves.
You regenerate magic rapidly.
When low on magic, you restore magic in place of health.
When seriously injured, your bleeding wounds create very thick armour. (AC +12)
You are resistant to hostile enchantments. (MR+)


Message History

The volley of spikes hits you!
The barbed spikes become lodged in your body.
Jorgrun hits you with a quarterstaff of crushing!!
Your blood congeals into armour.
Jorgrun hits you with a quarterstaff of crushing!
The manticore flicks its tail.
The volley of spikes hits you!
Jorgrun casts a spell.
The dungeon rumbles around Jorgrun!
You shudder from the earth-shattering force.
Ouch! That really hurt!
* * * LOW HITPOINT WARNING * * *
Ka-crash!
You hear a screech! x3; You hear a shout! x2
You hear an angry hiss.
You hear a screech!
You hear an angry hiss.
You hear a screech! x2; You hear a shout!
Jorgrun casts a spell.
The dungeon rumbles around Jorgrun!
You shudder from the earth-shattering force.
Ouch! That really hurt!
You die...

#≈≈≈...........#
..≈......≈≈≈≈≈≈##.≈
..........≈≈≈≈≈≈≈.###
.......(...≈≈≈[≈≈≈#≈####m
......÷....≈≈≈≈≈≈≈≈≈≈....
..........(≈≈≈≈≈(÷≈≈≈≈≈..
......../..(≈≈≈≈(≈≈≈≈≈≈≈≈
...........≈g≈≈≈≈≈≈≈≈≈≈≈≈
.###.≈#≈..≈≈≈@≈≈≈)(≈≈≈≈≈≈
#####..≈≈≈≈≈≈≈[≈)≈≈≈≈≈
...##≈≈≈H≈≈≈≈≈≈H≈≈≈≈ ...
#≈≈≈≈≈≈≈≈≈≈≈≈§≈≈
.#..#.≈≈≈≈≈≈≈≈(≈≈...≈ .
##≈≈≈≈≈≈≈##≈##.#.
#≈≈≈≈≈)≈# ## ## #≈≈†≈≈≈##
#......#


You could see Jorgrun and 2 manticores.

Vanquished Creatures
  A kraken (Shoals:2)
  The ghost of Nuz the Geomancer, an adept GrEE of Vehumet (Shoals:3)
  Donald (Shoals:2)
  Nessos (D:13)
  3 merfolk javelineers
  6 merfolk impalers
  A yaktaur captain (D:15)
  11 hydras
  A catoblepas (Lair:6)
  A queen ant (Lair:3)
  3 anacondas (Snake:1)
  13 two-headed ogres
  5 centaur warriors
  An ogre mage (D:15)
  A merfolk aquamancer (Shoals:1)
  A tengu warrior (D:13)
  2 naga sharpshooters (Snake:1)
  2 satyrs
  A shock serpent (shapeshifter) (D:14)
  3 orc high priests (Orc:2)
  Nergalle (D:11)
  2 sea snakes
  A deep troll (D:14)
  An unseen horror (D:13)
  3 wizards (D:14)
  Pikel (D:6)
  7 harpies
  4 orc knights (Orc:2)
  12 manticores
  4 oklob plants (Lair:4)
  A necromancer (Lair:4)
  17 ugly things
  4 deep elf magi
  3 orc sorcerers (Orc:2)
  2 cyclopes
  2 salamanders (Snake:1)
  2 wolf spider zombies (D:15)
  19 elephants
  10 fauns
  6 black mambas
  4 merfolk sirens
  4 gargoyles
  3 ice statues (IceCv)
  5 water nymphs
  A naga mage (Snake:1)
  24 spiny frogs
  A rime drake (Lair:6)
  A yaktaur (D:15)
  An efreet (D:14)
  A tengu conjurer (D:14)
  9 komodo dragons
  5 trolls
  4 wind drakes
  4 tyrant leeches (Lair:6)
  2 polar bears
  28 merfolk
  23 blink frogs
  9 dream sheep
  4 slime creatures (D:14)
  9 hippogriffs
  12 snapping turtles
  A meliai zombie (D:15)
  2 centaur simulacra
  A wraith (D:15)
  3 shadows
  A vampire (D:12)
  7 water elementals
  A wyvern (D:15)
  2 fire elementals (D:14)
  Eustachio (D:4)
  23 yaks
  2 basilisks
  4 fire bats (Lair:5)
  9 vampire mosquitoes
  19 soldier ants (Lair:3)
  3 wargs
  3 acid dragons
  2 nagas (Snake:1)
  5 swamp worms (Lair:5)
  13 porcupines
  17 orc warriors
  17 water moccasins
  21 ice beasts
  3 sky beasts
  3 eyes of draining
  A hornet zombie (D:12)
  A phantom (D:12)
  2 necrophages
  11 wolves
  19 centaurs
  16 ogres
  Blork the orc (D:6)
  A big kobold (D:12)
  11 crocodiles
  26 bullfrogs
  8 scorpions
  19 killer bees
  16 wights
  8 howler monkeys
  9 electric eels
  9 crimson imps
  8 centaur zombies
  A quasit (D:11)
  13 hounds
  2 jellies
  Crazy Yiuf (D:6)
  A bullfrog zombie (D:13)
  11 orc priests
  2 bullfrog skeletons
  4 centaur skeletons
  A gnoll shaman (D:9)
  2 iguanas
  Natasha (thrice) (D:4)
  4 hell rats (Lair:3)
  Ijyb (D:4)
  18 orc wizards
  5 polar bear simulacra (Lair:4)
  24 worker ants
  A yak simulacrum (Lair:4)
  3 wolf simulacra (Lair:4)
  A hound zombie (D:10)
  A hound skeleton (D:8)
  4 gnolls (D:9)
  14 adders
  3 shadow imps
  2 oozes
  An adder skeleton (D:8)
  17 worms
  2 dart slugs
  5 leopard geckos
  65 orcs
  5 ball pythons
  10 bats
  5 giant cockroaches
  5 goblins
  11 hobgoblins
  14 jackals
  3 quokkas
  6 frilled lizards
  10 kobolds
  A quokka skeleton (D:7)
  A quokka zombie (D:6)
  6 rats
  2 river rat simulacra (Lair:4)
  A bush (Lair:6)
  A fire vortex (Lair:5)
  9 fungi
  9 plants
955 creatures vanquished.

Vanquished Creatures (others)
  Grinder (D:6)
  An orc wizard (D:6)
  An orc priest (D:7)
  17 fungi
  67 plants
  8 tentacles (Shoals:2)
95 creatures vanquished.

Grand Total: 1050 creatures vanquished

Notes
Turn   | Place    | Note
-------+----------+-------------------------------------------
     0 | D:1      | Moloch the Demonspawn Wizard began the quest for the Orb.
     0 | D:1      | Reached XP level 1. HP: 13/13 MP: 4/4
   212 | D:1      | Reached skill level 1 in Unarmed Combat
   333 | D:1      | Gained mutation: When seriously injured, your bleeding wounds create armour. (AC +12) [demonic ancestry]
   333 | D:1      | Reached XP level 2. HP: 13/19 MP: 0/6
   588 | D:1      | Learned a level 2 spell: Blink
   591 | D:1      | Learned a level 2 spell: Call Imp
  1000 | D:1      | Reached XP level 3. HP: 24/24 MP: 3/7
  1131 | D:1      | Reached skill level 2 in Conjurations
  1376 | D:2      | Noticed a centaur
  1435 | D:2      | Learned a level 3 spell: Mephitic Cloud
  2046 | D:2      | Killed a centaur
  2046 | D:2      | Reached skill level 4 in Conjurations
  2046 | D:2      | Reached XP level 4. HP: 20/30 MP: 2/8
  2046 | D:2      | Gained mutation: When hurt, damage is shared between your health and your magic reserves. [demonic ancestry]
  2046 | D:2      | Reached XP level 5. HP: 23/35 MP: 2/9
  2332 | D:3      | Noticed a sky beast
  2649 | D:2      | Killed a sky beast
  2649 | D:2      | Reached skill level 5 in Conjurations
  2649 | D:2      | Gained mutation: When seriously injured, your bleeding wounds create thick armour. (AC +12) [demonic ancestry]
  2649 | D:2      | Reached XP level 6. HP: 26/41 MP: 5/10
  2768 | D:3      | Found a stormy altar of Qazlal.
  3162 | D:3      | Learned a level 3 spell: Conjure Flame
  3816 | D:4      | Noticed Ijyb
  3889 | D:4      | Killed Ijyb
  3889 | D:4      | Reached skill level 6 in Conjurations
  3955 | D:4      | Noticed Eustachio
  4097 | D:3      | Upgraded the game from 0.21-a0-414-gba8bdf1 to 0.21-a0-434-g806c6c2
  4167 | D:4      | Killed Eustachio
  4167 | D:4      | Reached XP level 7. HP: 22/46 MP: 5/12
  4290 | D:4      | Noticed Natasha
  4304 | D:4      | Killed Natasha
  4374 | D:4      | Noticed Natasha
  4385 | D:4      | Killed Natasha
  4385 | D:4      | Reached skill level 7 in Conjurations
  4576 | D:4      | Noticed karf's ghost (amateur HaAs)
  5019 | D:4      | Noticed Natasha
  5043 | D:4      | Killed Natasha
  5155 | D:5      | Entered Level 5 of the Dungeon
  5200 | D:5      | Found a staircase to the Ecumenical Temple.
  5211 | Temple   | Entered the Ecumenical Temple
  5217 | Temple   | Became a worshipper of Vehumet
  5691 | D:5      | Reached skill level 5 in Spellcasting
  5822 | D:6      | Noticed Grinder
  5851 | D:5      | Gained mutation: You have sharp toenails. [demonic ancestry]
  5851 | D:5      | Reached XP level 8. HP: 24/52 MP: 6/15
  6196 | D:6      | Found a runed door.
  6383 | D:6      | Found a hide-covered altar of Uskayaw.
  6386 | D:6      | Noticed a hand axe
  6387 | D:6      | Noticed a dagger
  6462 | D:6      | Noticed Blork the orc
  6509 | D:6      | Killed Blork the orc
  6542 | D:6      | Learned a level 3 spell: Regeneration
  6549 | D:6      | Noticed Pikel
  6639 | D:6      | Killed Pikel
  6639 | D:6      | Reached * piety under Vehumet
  6639 | D:6      | Offered knowledge of Flame Tongue by Vehumet.
  6643 | D:6      | Learned a level 1 spell: Flame Tongue
  6672 | D:6      | Paralysed by Grinder for 5 turns
  6760 | D:6      | Reached skill level 1 in Fire Magic
  6760 | D:6      | Gained mutation: You regenerate magic rapidly. [demonic ancestry]
  6760 | D:6      | Reached XP level 9. HP: 57/57 MP: 15/21
  6814 | D:6      | Found a blossoming altar of Fedhas.
  6849 | D:6      | Paralysed by Grinder for 2 turns
  6860 | D:6      | Killed Grinder
  6893 | D:6      | Noticed Crazy Yiuf
  6902 | D:6      | Killed Crazy Yiuf
  7295 | D:7      | Noticed KristoblXynda's ghost (novice DrFi)
  7504 | D:8      | Found an opulent altar of Gozag.
  7510 | D:8      | Reached skill level 5 in Fire Magic
  7588 | D:8      | Found a blossoming altar of Fedhas.
  7660 | D:8      | Noticed a troll
  7687 | D:8      | Noticed a two-headed ogre
  7727 | D:7      | Killed a two-headed ogre
  7798 | D:8      | Reached ** piety under Vehumet
  7798 | D:8      | Offered knowledge of Searing Ray by Vehumet.
  7859 | D:8      | Gained mutation: When seriously injured, your bleeding wounds create very thick armour. (AC +12) [demonic ancestry]
  7859 | D:8      | Reached XP level 10. HP: 63/63 MP: 13/22
  8266 | D:8      | Upgraded the game from 0.21-a0-434-g806c6c2 to 0.21-a0-437-ge5bf024
  8381 | D:8      | Found a staircase to the Lair.
  8814 | D:9      | Found a staircase to the Orcish Mines.
  8841 | D:9      | Found Arrecwa's Antique Armour Boutique.
  9026 | D:9      | Found Vituiz's Gadget Emporium.
  9067 | D:9      | Found a shadowy altar of Dithmenos.
  9172 | D:9      | Found Cupawauj's General Store.
  9186 | D:9      | Bought a scroll of fear for 52 gold pieces
  9186 | D:9      | Bought a potion of mutation for 120 gold pieces
  9186 | D:9      | Bought a scroll of teleportation for 45 gold pieces
  9199 | D:9      | Offered knowledge of Throw Frost by Vehumet.
  9425 | D:9      | Reached *** piety under Vehumet
  9506 | D:9      | Found Nubri's Armour Boutique.
  9509 | D:9      | Bought a +1 helmet of see invisible for 181 gold pieces
  9912 | Lair:1   | Entered Level 1 of the Lair of Beasts
  9946 | Lair:1   | Reached skill level 10 in Fire Magic
 10032 | Lair:1   | Reached skill level 8 in Conjurations
 10133 | Lair:1   | Noticed a four-headed hydra
 10143 | Lair:1   | Killed a four-headed hydra
 10401 | Lair:1   | Reached XP level 11. HP: 68/68 MP: 14/23
 10481 | Lair:1   | Offered knowledge of Inner Flame by Vehumet.
 10931 | Orc:1    | Entered Level 1 of the Orcish Mines
 10931 | Orc:1    | Noticed a two-headed ogre
 11128 | D:9      | Killed a two-headed ogre
 11128 | D:9      | Reached skill level 9 in Conjurations
 11492 | Orc:2    | Entered Level 2 of the Orcish Mines
 11863 | Orc:2    | Found a staircase to the Elven Halls.
 11997 | Orc:1    | Noticed an orc high priest
 12004 | Orc:2    | Reached **** piety under Vehumet
 12232 | Orc:2    | Noticed an orc sorcerer
 12240 | Orc:2    | Noticed an orc knight
 12241 | Orc:2    | Noticed an orc sorcerer
 12242 | Orc:2    | Noticed an orc high priest
 12242 | Orc:2    | Noticed an orc knight
 12310 | Orc:2    | Killed an orc knight
 12414 | Orc:2    | Killed an orc high priest
 12414 | Orc:2    | Offered knowledge of Iskenderun's Mystic Blast by Vehumet.
 12420 | Orc:2    | Learned a level 4 spell: Iskenderun's Mystic Blast
 12522 | Orc:2    | Noticed an orc sorcerer
 12528 | Orc:2    | Killed an orc sorcerer
 12528 | Orc:2    | Reached skill level 10 in Conjurations
 12532 | Orc:2    | Noticed an orc knight
 12575 | Orc:2    | Killed an orc knight
 12660 | Orc:2    | Noticed an orc knight
 12800 | Orc:2    | Killed an orc knight
 12868 | Orc:2    | Noticed an orc high priest
 12896 | Orc:2    | Killed an orc high priest
 12896 | Orc:2    | Reached skill level 10 in Spellcasting
 12970 | Orc:2    | Noticed an orc high priest
 12973 | Orc:2    | Killed an orc high priest
 13080 | Orc:2    | Noticed an orc sorcerer
 13119 | Orc:2    | Killed an orc sorcerer
 13148 | Orc:2    | Killed an orc sorcerer
 13181 | Orc:2    | Killed an orc knight
 13181 | Orc:2    | Reached skill level 11 in Conjurations
 13181 | Orc:2    | Gained mutation: When low on magic, you restore magic in place of health. [demonic ancestry]
 13181 | Orc:2    | Reached XP level 12. HP: 74/74 MP: 7/26
 13275 | Orc:2    | Found Xuelon's Food Emporium.
 13279 | Orc:2    | Found Hacusser's Book Boutique.
 13285 | Orc:2    | Bought a book of Fire for 715 gold pieces
 13291 | Orc:2    | Learned a level 5 spell: Fireball
 13298 | Orc:2    | Learned a level 6 spell: Bolt of Fire
 13299 | Orc:2    | Found Ovisithra's Distillery.
 13301 | Orc:2    | Found Xedut's Book Emporium.
 13537 | Lair:2   | Noticed a four-headed hydra
 13785 | Lair:2   | Found a staircase to the Snake Pit.
 13943 | Lair:2   | Killed a four-headed hydra
 14246 | Lair:2   | Reached ***** piety under Vehumet
 14246 | Lair:2   | Offered knowledge of Bolt of Draining by Vehumet.
 14278 | Lair:2   | Reached skill level 12 in Conjurations
 14680 | Lair:2   | Found a staircase to the Shoals.
 15157 | Lair:3   | Noticed a queen ant
 15169 | Lair:3   | Killed a queen ant
 15287 | Lair:3   | Gained mutation: You regenerate a little health from kills. [demonic ancestry]
 15287 | Lair:3   | Reached XP level 13. HP: 79/79 MP: 5/28
 15647 | Lair:3   | Reached skill level 13 in Conjurations
 15909 | Lair:4   | Learned a level 1 spell: Apportation
 16011 | Lair:4   | Offered knowledge of Throw Icicle by Vehumet.
 17018 | Lair:5   | Reached skill level 14 in Conjurations
 17114 | Lair:5   | Learned a level 4 spell: Throw Icicle
 17434 | Lair:5   | Identified the Handbook of Flight and Necromancy
 17445 | Lair:5   | Learned a level 6 spell: Deflect Missiles
 17641 | Lair:6   | Entered Level 6 of the Lair of Beasts
 17742 | Lair:6   | Got a faintly humming cloak
 17753 | Lair:6   | Identified the cursed -4 cloak "Ulutwin" {rElec rN+ Str+2 Dex-3} (You found it on level 6 of the Lair of Beasts)
 17764 | Lair:6   | Offered knowledge of Freezing Cloud by Vehumet.
 17781 | Lair:6   | Found a staircase to the Slime Pits.
 17832 | Lair:6   | Reached XP level 14. HP: 85/85 MP: 17/30
 18502 | Lair:6   | Reached skill level 15 in Conjurations
 18649 | Lair:6   | Offered knowledge of Poison Arrow by Vehumet.
 19019 | Lair:6   | Reached skill level 1 in Shields
 19031 | Lair:6   | Identified the Papyrus of Syndicalism
 19036 | Lair:6   | Got a pair of scorched boots
 19346 | D:10     | Entered Level 10 of the Dungeon
 20063 | D:11     | Gained mutation: You possess an exceptional clarity of mind. [mutagenic meat]
 20064 | D:11     | Gained mutation: You can translocate small distances at will. [mutagenic meat]
 20065 | D:11     | Gained mutation: You are clumsy. (Dex -2) [mutagenic meat]
 20103 | D:11     | Noticed Nergalle
 20104 | D:11     | Killed Nergalle
 20108 | D:11     | Found a frozen archway.
 20116 | IceCv    | Entered an ice cave
 20224 | IceCv    | Gained mutation: You have a pair of small horns on your head. [mutagenic meat]
 20225 | IceCv    | Gained mutation: You have supernaturally acute eyesight. (SInv) [mutagenic meat]
 20226 | IceCv    | Gained mutation: You evolve. [mutagenic meat]
 20411 | D:11     | Got a glittering bone amulet
 20874 | D:12     | Identified the amulet "Duwu Xygi" {Regen+ Str+8 Dex+4} (You found it on level 11 of the Dungeon)
 20908 | D:12     | Offered knowledge of Ozocubu's Refrigeration by Vehumet.
 21191 | D:13     | Noticed Nessos
 21196 | D:13     | Killed Nessos
 21196 | D:13     | Gained mutation: You are robust. (+10% HP) [demonic ancestry]
 21196 | D:13     | Reached XP level 15. HP: 65/99 MP: 7/32
 21462 | D:13     | Reached skill level 16 in Conjurations
 21570 | D:13     | Gained mutation: Your spells are a little harder to cast, but a little more powerful. [evolution]
 21648 | D:13     | You fall through a shaft for 2 floors!
 21648 | D:15     | Entered Level 15 of the Dungeon
 22309 | D:14     | Gained mutation: You are dopey. (Int -2) [mutagenic meat]
 22311 | D:14     | Gained mutation: Your muscles are strong. (Str +2) [mutagenic meat]
 22312 | D:14     | Lost mutation: You have a pair of small horns on your head. [mutagenic meat]
 22412 | D:14     | Found a gate to the Vaults.
 22563 | D:14     | Reached ****** piety under Vehumet
 22596 | D:14     | Offered knowledge of Spellforged Servitor by Vehumet.
 22606 | D:14     | Learned a level 7 spell: Spellforged Servitor
 22611 | D:14     | Gained mutation: You are very robust. (+20% HP) [mutagenic meat]
 22629 | D:14     | Gained mutation: You have razor-sharp toenails. [mutagenic meat]
 22721 | D:14     | Lost mutation: You are clumsy. (Dex -2) [mutagenic meat]
 22829 | D:14     | Found Xustac's Book Shop.
 23246 | D:15     | Found Cangoxoch's Distillery.
 23259 | D:15     | Found Cuen's Magic Scroll Emporium.
 23273 | D:15     | Bought a scroll of blinking for 135 gold pieces
 23278 | D:15     | Found Tosereysh's Antique Armour Shoppe.
 23497 | D:15     | Found Bimuniu's Magic Scroll Shop.
 23638 | D:15     | Lost mutation: Your muscles are strong. (Str +2) [mutagenic meat]
 23639 | D:15     | Lost mutation: You are dopey. (Int -2) [mutagenic meat]
 23643 | D:15     | Gained mutation: Your magical capacity is low. (-10% MP) [mutagenic meat]
 23644 | D:15     | Gained mutation: You are clumsy. (Dex -2) [mutagenic meat]
 23672 | D:15     | Reached skill level 17 in Conjurations
 23753 | D:15     | Gained mutation: Your magical capacity is very low. (-20% MP) [mutagenic meat]
 23836 | D:15     | Lost mutation: Your spells are a little harder to cast, but a little more powerful. [potion of mutation]
 23836 | D:15     | Lost mutation: You have razor-sharp toenails. [potion of mutation]
 23836 | D:15     | Lost mutation: You can translocate small distances at will. [potion of mutation]
 23836 | D:15     | Gained mutation: You are weak. (Str -2) [potion of mutation]
 23836 | D:15     | Gained mutation: You are extremely robust. (+30% HP) [potion of mutation]
 23837 | D:15     | Lost mutation: You are weak. (Str -2) [potion of mutation]
 23837 | D:15     | Lost mutation: You possess an exceptional clarity of mind. [potion of mutation]
 23837 | D:15     | Lost mutation: You are clumsy. (Dex -2) [potion of mutation]
 23837 | D:15     | Lost mutation: You evolve. [potion of mutation]
 23837 | D:15     | Gained mutation: Your muscles are strong. (Str +2) [potion of mutation]
 23838 | D:15     | Lost mutation: Your muscles are strong. (Str +2) [potion of mutation]
 23838 | D:15     | Lost mutation: Your magical capacity is very low. (-20% MP) [potion of mutation]
 23838 | D:15     | Lost mutation: You have supernaturally acute eyesight. (SInv) [potion of mutation]
 23838 | D:15     | Lost mutation: You are extremely robust. (+30% HP) [potion of mutation]
 23838 | D:15     | Gained mutation: Your body sometimes deteriorates upon taking damage. [potion of mutation]
 23838 | D:15     | Gained mutation: You are resistant to hostile enchantments. (MR+) [potion of mutation]
 23838 | D:15     | Lost mutation: Your body sometimes deteriorates upon taking damage. [potion of mutation]
 23838 | D:15     | Lost mutation: Your magical capacity is low. (-10% MP) [potion of mutation]
 23859 | D:15     | Found Honos's Distillery.
 23864 | D:15     | Bought a potion of curing for 57 gold pieces
 23864 | D:15     | Bought a potion of curing for 57 gold pieces
 23968 | D:15     | Found a staircase to the Depths.
 24166 | Snake:1  | Entered Level 1 of the Snake Pit
 24169 | Snake:1  | Reached XP level 16. HP: 115/115 MP: 17/34
 24170 | Snake:1  | Upgraded the game from 0.21-a0-437-ge5bf024 to 0.21-a0-440-g28109cb
 24368 | Snake:1  | Found Lowy's Weapon Shop.
 24485 | Shoals:1 | Entered Level 1 of the Shoals
 24535 | Shoals:1 | Offered knowledge of Orb of Destruction by Vehumet.
 24546 | Shoals:1 | Learned a level 7 spell: Orb of Destruction
 25288 | Shoals:2 | Noticed Donald
 25292 | Shoals:2 | Killed Donald
 25404 | Shoals:2 | Found Qugu's Weapon Shoppe.
 25564 | Shoals:2 | Reached skill level 15 in Spellcasting
 25602 | Shoals:2 | Found a shattered altar of Ashenzari.
 25608 | Shoals:2 | Noticed a kraken
 25622 | Shoals:2 | Killed a kraken
 25693 | Shoals:2 | Reached skill level 15 in Fire Magic
 26078 | Shoals:3 | Noticed Nuz's ghost (adept GrEE)
 26379 | Shoals:3 | Killed Nuz's ghost
 26604 | Shoals:4 | Entered Level 4 of the Shoals
 26604 | Shoals:4 | Noticed Nikola
 26715 | Shoals:4 | Offered knowledge of Lehudib's Crystal Spear by Vehumet.
 26715 | Shoals:4 | Offered knowledge of Fire Storm by Vehumet.
 26715 | Shoals:4 | Offered knowledge of Glaciate by Vehumet.
 26824 | Shoals:4 | Noticed Ilsuiw
 26848 | Shoals:3 | HP: 5/115 [poisoned by a sea snake]
 27094 | Shoals:4 | Noticed Jorgrun
 27104 | Shoals:4 | Killed from afar by Jorgrun

Vault maps used:
D:1:      tarquinn_simple_flora_water_a, serial_bayou, serial_bayou_pond_a,
          serial_bayou_lagoon_a, serial_bayou_ford_a, serial_bayou_pond_e,
          serial_bayou_pond_a, serial_bayou_pond_e, serial_bayou_pond_d
D:2:      item_on_display_a
D:3:      lemuel_statue_altar
D:4:      first_bread, uniq_ijyb, uniq_eustachio, uniq_natasha
D:5:      minmay_temple_entry_butterflies
D:6:      dancing_weapons_uskayaw, fedhas_altar_1, uniq_blork_the_orc,
          uniq_crazy_yiuf_cottage, uniq_pikel, uniq_grinder
D:8:      nicolae_gozag_cash_rules_everything_around_me,
          nicolae_overflow_hidden_temple, erik_lair_island, basic_altar
D:9:      kennysheep_little_box, minmay_orc_entry_guard_dogs, serial_shops,
          shop, nicolae_shop_behind_doors, shop_fountains, shop_coins
D:10:     serial_column_ruins, column_ruins_hut_ruined,
          column_ruins_columns_corner, column_ruins_corridor_T,
          column_ruins_open_tiny, column_ruins_open_small,
          column_ruins_columns_straight
D:11:     portal_ice_cave_entry_ice_beasts, uniq_nergalle
D:13:     uniq_nessos
D:14:     cheibrodos_lost_city_excavation, david_vaults_4, serial_shops, shop
D:15:     grunt_enter_depths_snipers, minmay_stone_trees_medium, serial_shops,
          shop_statue, nicolae_shop_stone, shop,
          nicolae_shop_temple_entry_statues_fountains, shop
Temple:   eino_narrow_crystal_temple
Lair:1:   serial_bayou_shore_a
Lair:2:   elwin_shoals_entry_rooms, minmay_snake_entry_six_corridors
Lair:3:   minivault_29, grunt_megastairs_4, lemuel_fruit_fields,
          infiniplex_staircase_pool, lemuel_fruit_tree
Lair:4:   eino_house_with_fridge, grunt_megastairs_1, minmay_lair_oklob_chamber
Lair:5:   worms_lemuel, grunt_megastairs_3
Lair:6:   minmay_lair_end_frog_pond, slime_dummy
Shoals:2: serial_shops, nicolae_shop_crystal, wheals_shoals_ruined_temple,
          uniq_donald
Shoals:4: shoals_end_grunt_ice, shoal_ilsuiw, serial_shops,
          nicolae_shop_statue_plus, nicolae_shoals_circle_sea_wall,
          uniq_jorgrun, uniq_aizul, uniq_polyphemus, uniq_nikola
Snake:1:  serial_shops, shop_fountains
Orc:2:    st_orc_elflike
IceCv:    ice_cave_statue_garden_chambered

Skill      XL: |  1  2  3  4  5  6  7  8  9 10 11 12 13 14 15 16 |
---------------+-------------------------------------------------+-----
Unarmed Combat | 1 2 |  2.0
Conjurations   | 4 5 6 7 8 11 12 14 15 17 | 17.9
Spellcasting   | 5 8 10 11 12 13 14 15 | 15.3
Fire Magic     | 1 7 10 11 12 13 14 15 | 15.5
Shields        | 2 4 |  4.3
Dodging        | |  1.7
Stealth        | |  1.7
Summonings     | |  1.0
Translocations | |  0.8

Action                   |  1- 3 |  4- 6 |  7- 9 | 10-12 | 13-15 | 16-18 || total
-------------------------+-------+-------+-------+-------+-------+-------++-------
Melee: Unarmed           |    33 |     8 |       |       |       |       ||    41
       Dagger            |     7 |    56 |    27 |       |       |       ||    90
       Mace              |     5 |       |       |       |       |       ||     5
       Rapier            |       |       |   156 |    27 |     2 |       ||   185
       Punch             |       |       |     3 |       |       |       ||     3
       Staff             |       |       |       |       |     3 |       ||     3
 Cast: Magic Dart        |   117 |    75 |    24 |    12 |    12 |       ||   240
       Mephitic Cloud    |     3 |    13 |    54 |    74 |       |       ||   144
       Call Imp          |       |     2 |       |       |       |       ||     2
       Conjure Flame     |       |       |     4 |     5 |     1 |       ||    10
       Flame Tongue      |       |       |    95 |   432 |    13 |       ||   540
       Blink             |       |       |     1 |     3 |     2 |       ||     6
       Regeneration      |       |       |       |    50 |    32 |    20 ||   102
       Iskenderun's Myst |       |       |       |    43 |       |       ||    43
       Bolt of Fire      |       |       |       |    78 |   404 |   171 ||   653
       Fireball          |       |       |       |     7 |   131 |    40 ||   178
       Throw Icicle      |       |       |       |       |    20 |     7 ||    27
       Orb of Destructio |       |       |       |       |       |     4 ||     4
Evoke: Wand              |       |       |     3 |     5 |     3 |     1 ||    12
  Use: Scroll            |     7 |     1 |     5 |     1 |    18 |    10 ||    42
       Potion            |       |       |       |     1 |     3 |     4 ||     8
 Stab: Confused          |       |     5 |    10 |       |       |       ||    15
       Sleeping          |       |       |     1 |       |       |       ||     1
  Eat: Chunk             |     4 |     7 |    28 |    43 |   125 |    24 ||   231
       Fruit             |       |       |       |       |       |     5 ||     5
Armor: Robe              |    14 |     9 |    42 |    54 |    27 |    10 ||   156
       Leather armour    |     5 |       |       |       |       |       ||     5
       Skin              |       |     1 |       |       |       |       ||     1
Dodge: Dodged            |    50 |    34 |   102 |   111 |    90 |    32 ||   419
Block: Buckler           |       |       |       |       |    10 |    15 ||    25

Table legend:
 A = Spawn XP
 B = Non-spawn XP
 C = Spawn XP percentage of total XP
 D = Spawn monster count
 E = Non-spawn monster count
 F = Spawn count percentage of total count
 G = Total turns spent on level
                    A         B        C        D         E        F      G
               +---------+---------+-------+---------+---------+-------+---------
         Total |       0 |  214133 |   0.0 |       0 |     937 |   0.0 | 27104
               +---------+---------+-------+---------+---------+-------+---------
           D:1 |       0 |      54 |   0.0 |       0 |      30 |   0.0 |  1476
           D:2 |       0 |     307 |   0.0 |       0 |      23 |   0.0 |  1027
           D:3 |       0 |     128 |   0.0 |       0 |      28 |   0.0 |  1445
           D:4 |       0 |     668 |   0.0 |       0 |      17 |   0.0 |  1220
           D:5 |       0 |     271 |   0.0 |       0 |       8 |   0.0 |   831
           D:6 |       0 |    1624 |   0.0 |       0 |      33 |   0.0 |   929
           D:7 |       0 |    1694 |   0.0 |       0 |      20 |   0.0 |   606
           D:8 |       0 |    2540 |   0.0 |       0 |      39 |   0.0 |  1762
           D:9 |       0 |    1989 |   0.0 |       0 |      23 |   0.0 |  1007
          D:10 |       0 |    2868 |   0.0 |       0 |      22 |   0.0 |   682
          D:11 |       0 |    7009 |   0.0 |       0 |      47 |   0.0 |   566
          D:12 |       0 |    2634 |   0.0 |       0 |      25 |   0.0 |   425
          D:13 |       0 |   10183 |   0.0 |       0 |      48 |   0.0 |   840
          D:14 |       0 |   19459 |   0.0 |       0 |      44 |   0.0 |  1232
          D:15 |       0 |   22023 |   0.0 |       0 |      62 |   0.0 |   811
        Lair:1 |       0 |    3407 |   0.0 |       0 |      13 |   0.0 |  1177
        Lair:2 |       0 |    9521 |   0.0 |       0 |      43 |   0.0 |  1282
        Lair:3 |       0 |   11613 |   0.0 |       0 |      63 |   0.0 |  1082
        Lair:4 |       0 |    9073 |   0.0 |       0 |      36 |   0.0 |   964
        Lair:5 |       0 |    8324 |   0.0 |       0 |      48 |   0.0 |  1116
        Lair:6 |       0 |   25060 |   0.0 |       0 |      82 |   0.0 |  1311
      Shoals:1 |       0 |   12291 |   0.0 |       0 |      30 |   0.0 |   641
      Shoals:2 |       0 |   16430 |   0.0 |       0 |      27 |   0.0 |   879
      Shoals:3 |       0 |   12645 |   0.0 |       0 |      24 |   0.0 |   845
      Shoals:4 |       0 |   13123 |   0.0 |       0 |      27 |   0.0 |   254
       Snake:1 |       0 |    7153 |   0.0 |       0 |      12 |   0.0 |   280
         Orc:1 |       0 |     772 |   0.0 |       0 |      15 |   0.0 |   453
         Orc:2 |       0 |    8110 |   0.0 |       0 |      37 |   0.0 |  1773
         IceCv |       0 |    3160 |   0.0 |       0 |      11 |   0.0 |   171
               +---------+---------+-------+---------+---------+-------+---------
